 Dungeon Crawl Stone Soup version 0.31.0-12-g77e489cdc1 (webtiles) character file.

Game seed: 16094857523540305463

542 raph the Spear-Bearer (level 7, -6/57 HPs)
             Began as a Minotaur Fighter on Feb 29, 2024.
             Was a Follower of Qazlal.
             Mangled by a two-headed ogre
             ... wielding a +0 giant spiked club
              (13 damage)
             ... on level 4 of the Dungeon.
             The game lasted 00:05:33 (4152 turns).

raph the Spear-Bearer (Minotaur Fighter)            Turns: 4152, Time: 00:05:34

Health: -6/57      AC: 11    Str: 20    XL:     7   Next: 6%
Magic:  6/6        EV:  6    Int:  5    God:    Qazlal [*.....]
Gold:   195        SH:  1    Dex: 12    Spells: 6/6 levels left

rFire   . . .        q - +0 glaive
rCold   . . .        (shield currently unavailable)
rNeg    . . .        l - +0 plate armour
rPois   .            (helmet restricted)
rElec   .            (no cloak)
rCorr   .            (no gloves)
SInv    .            (no boots)
Will    +....        (no amulet) Stlth
                     j - ring of willpower
HPRegen 0.29/turn    (no ring)
MPRegen 0.10/turn

%: no passive effects
@: no status effects
A: horns 2, retaliatory headbutt
a: Renounce Religion


You were on level 4 of the Dungeon.
You worshipped Qazlal.
Qazlal was aware of your devotion.
You visited 1 branch of the dungeon, and saw 4 of its levels.
You also visited: Sewer.

You collected 195 gold pieces.

Inventory:

Hand Weapons
 a - a +0 trident
 q - a +0 glaive (weapon)
Missiles
 n - 4 poisoned darts (quivered)
 s - a curare-tipped dart
Armour
 b - a +0 scale mail
 c - a +0 buckler
 l - a +0 plate armour (worn)
Jewellery
 j - a ring of willpower (left hand)
Scrolls
 f - 3 scrolls of teleportation
 g - a scroll of blinking
 h - a scroll of torment {unknown}
 i - 4 scrolls of identify
 k - 2 scrolls of immolation
 o - 2 scrolls of fear
 u - 3 scrolls of enchant armour {unknown}
Potions
 d - a potion of might
 e - 2 potions of curing
 m - a potion of brilliance {unknown}
 p - a potion of resistance {unknown}
 r - a potion of haste {unknown}
 t - 2 potions of ambrosia {unknown}


   Skills:
 - Level 3.6 Fighting
 + Level 9.3 Polearms
 - Level 3.6 Armour
 - Level 3.6 Shields


You had 6 spell levels left.
You didn't know any spells.
Your spell library contained the following spells:

 Spells                   Type           Power      Damage    Failure   Level
 Ensorcelled Hibernation  Hex/Ice        0%         N/A       100%        2
 Fugue of the Fallen      Necr           0%         N/A       100%        3
 Anguish                  Hex/Necr       0%         N/A       100%        4


Dungeon Overview and Level Annotations

Branches:
Dungeon (4/15)              Sewer (visited)
 Temple: D:4-7

Altars:
Elyvilon
Kikubaaqudgha
Okawaru
Qazlal
Ru


Innate Abilities, Weirdness & Mutations

You have a pair of horns on your head.
You reflexively headbutt those who attack you in melee.


Message History

Qazlal accepts your kill.
e - 2 potions of curing (gained 1)
There is a stone staircase leading up here.
Found a stone staircase leading up.
A two-headed ogre comes into view.
It is wielding a +0 giant spiked club and a +0 giant club.
The two-headed ogre shouts in stereo!
Throw: 6 darts (poison)
Press: ? - help, Q - select action, (/) - cycle Shift-Dir - straight line, f - two-headed ogre
Aim: a two-headed ogre, wielding a +0 giant spiked club and a +0 giant club (71% to hit)
You throw a poisoned dart.
The poisoned dart barely misses the two-headed ogre.
Throw: 5 darts (poison)
Press: ? - help, Q - select action, (/) - cycle Shift-Dir - straight line, f/p - two-headed ogre
Aim: a two-headed ogre, wielding a +0 giant spiked club and a +0 giant club (71% to hit)
You throw a poisoned dart.
The poisoned dart hits the two-headed ogre.
The two-headed ogre is poisoned.
You barely miss the two-headed ogre. You headbutt the two-headed ogre.
The two-headed ogre is lightly wounded.
The two-headed ogre barely misses you.
The two-headed ogre hits you with a +0 giant club.
You slash the two-headed ogre!
The two-headed ogre is moderately wounded.
The two-headed ogre hits you with a +0 giant spiked club!
The two-headed ogre hits you with a +0 giant club!!
You slice the two-headed ogre!!
Your headbutt misses the two-headed ogre.
The two-headed ogre is severely wounded.
The two-headed ogre hits you with a +0 giant spiked club!
* * * LOW HITPOINT WARNING * * *
The two-headed ogre hits you with a +0 giant club!
* * * LOW HITPOINT WARNING * * *
You slash the two-headed ogre!
The two-headed ogre is almost dead.
You hit the two-headed ogre but do no damage.
The two-headed ogre is almost dead.
The two-headed ogre hits you with a +0 giant spiked club.
* * * LOW HITPOINT WARNING * * *
The two-headed ogre hits you with a +0 giant club!
You die...

.. #.#.#.. .. #.
#.#.#...... .. ..
......##... #. ..
#........ #.##.#
#....#.## ..#(#
#........ #.#<#
......##...
#.###.#O# #.#.#.
.... #.....@.#
.#...#. .#..
#####.### .... ..
.#.# #.######...
.##.... #..........
......#
#......#.###.#....#
#.................#
#.....##.....##....
#..<............#.#
#.....#.#...#.#.#..


You could see a two-headed ogre (poisoned).

Vanquished Creatures
  A black bear (D:4)
  A kobold brigand (Sewer)
  Blork the orc (D:4)
  A bombardier beetle (D:3)
  A hound (D:4)
  An orc priest (D:3)
  8 adders
  2 river rats (Sewer)
  4 dart slugs
  5 ribbon worms
  8 orcs
  6 endoplasms
  8 giant cockroaches
  7 goblins
  5 hobgoblins
  12 jackals
  4 quokkas
  7 ball pythons
  10 bats
  3 frilled lizards (D:1)
  11 kobolds
  6 rats
112 creatures vanquished.

Notes
Turn   | Place    | Note
-------+----------+-------------------------------------------
     0 | D:1      | raph the Minotaur Fighter began the quest for the Orb.
     0 | D:1      | Reached XP level 1. HP: 19/19 MP: 0/0
   184 | D:1      | Reached skill level 3 in Polearms
   192 | D:1      | Reached XP level 2. HP: 26/26 MP: 1/1
   346 | D:1      | Reached skill level 4 in Polearms
   372 | D:1      | Reached XP level 3. HP: 23/31 MP: 2/2
  1112 | D:2      | Reached skill level 5 in Polearms
  1190 | D:2      | Reached XP level 4. HP: 34/39 MP: 3/3
  1918 | D:3      | Reached skill level 6 in Polearms
  1970 | D:3      | Found a sacrificial altar of Ru.
  1983 | D:3      | Found a stormy altar of Qazlal.
  1998 | D:3      | Became a worshipper of Qazlal Stormbringer
  2419 | D:3      | Reached XP level 5. HP: 28/45 MP: 4/4
  2506 | D:3      | You fall into a shaft and drop 1 floor!
  2540 | D:4      | Reached skill level 7 in Polearms
  2639 | D:4      | Found a glowing drain.
  2707 | Sewer    | Entered a sewer
  2728 | Sewer    | Reached * piety under Qazlal
  2966 | Sewer    | Reached XP level 6. HP: 51/51 MP: 5/5
  3070 | Sewer    | Reached skill level 8 in Polearms
  3335 | D:4      | Noticed Blork the orc
  3345 | D:4      | Killed Blork the orc
  3463 | D:4      | Reached skill level 9 in Polearms
  3612 | D:3      | Found a white marble altar of Elyvilon.
  3777 | D:3      | Reached XP level 7. HP: 41/57 MP: 6/6
  3942 | D:3      | Found an iron altar of Okawaru.
  3992 | D:3      | Found an ancient bone altar of Kikubaaqudgha.
  4145 | D:4      | Noticed a two-headed ogre
  4152 | D:4      | Mangled by a two-headed ogre

Illustrated notes

Levels and vault maps discovered:
D:1:      dpeg_arrival_water_fire, layout_basic, st_stairs_2,
          nicolae_eternal_life, minmay_worlds_worst_comb
D:2:      layout_rooms, chequers_decorated_corner
D:3:      layout_loops_cross, mainiacjoe_overflow_alcove_1,
          nicolae_elyvilon_temple_path, nicolae_qazlal_general_emergency,
          mainiacjoe_overflow_swirl, kennysheep_generic_room_11
D:4:      nicolae_cairo_tiling_large_dashed, layout_loops_cross,
          minmay_temple_entry_poolview, cheibrodos_sewer_entry_bend,
          st_stairs_7, nicolae_figureground_pulse, uniq_blork_the_orc

Skill      XL: |  1  2  3  4  5  6 |
---------------+-------------------+-----
Polearms       | 3 4 5 6 7 9 |  9.3
Fighting       | |  3.6
Armour         | |  3.6
Shields        | |  3.6

Action                     |  1- 3 |  4- 6 |  7- 9 || total
---------------------------+-------+-------+-------++-------
  Melee: Trident           |   102 |   198 |       ||   300
         Headbutt          |    10 |    22 |     1 ||    33
         Glaive            |       |    11 |    13 ||    24
  Throw: Dart              |       |     4 |     2 ||     6
    Use: Scroll            |       |     8 |       ||     8
         Potion            |       |     2 |       ||     2
 Armour: Scale mail        |    51 |    23 |       ||    74
         Plate armour      |       |    97 |     9 ||   106
  Dodge: Dodged            |    48 |    37 |     7 ||    92
  Block: Buckler           |    18 |    35 |       ||    53
         Other             |       |       |     1 ||     1
